 Dungeon Crawl Stone Soup version 0.18-a0-1121-gb454403 (webtiles) character file.

191 Chiseanne the Skirmisher (level 5, 0/46 HPs)
             Began as a Centaur Air Elementalist on Jan 18, 2016.
             Slain by a gnoll
             ... wielding a +0 flail
              (6 damage)
             ... on level 3 of the Dungeon.
             The game lasted 00:05:31 (2763 turns).

Chiseanne the Skirmisher (Centaur Air Elementalist) Turns: 2763, Time: 00:05:31

Health: 0/46       AC:  7    Str: 11    XL:     5   Next: 41%
Magic:  7/7        EV:  2    Int: 15    God:
Gold:   144        SH:  3    Dex:  9    Spells: 1 memorised, 6 levels left

rFire  . . .     SeeInvis .     a - +3 dagger (venom)
rCold  . . .     Gourm    .     f - +0 chain mail
rNeg   . . .     Faith    .     o - +0 buckler
rPois  .         Spirit   .     (no helmet)
rElec  .         Dismiss  .     (no cloak)
rCorr  .         Reflect  .     (no gloves)
SustAt .         Harm     .     (no barding)
MR     .....                    (no amulet)
Stlth  ..........               (no ring)
                                (no ring)

@: very quick, not resistant to hostile enchantments, extremely unstealthy
A: hooves 3, deformed body, speed 2, tough skin 3
a: no special abilities


You were on level 3 of the Dungeon.
You were not hungry.

You visited 1 branch of the dungeon, and saw 3 of its levels.

You collected 144 gold pieces.

Inventory:

Hand Weapons
 a - a +3 dagger of venom (weapon)
Missiles
 i - 20 arrows
 q - 16 poisoned needles
 r - 5 needles of sleeping
Armour
 f - a +0 chain mail (worn)
 o - a +0 buckler (worn)
Wands
 l - a wand of hasting (2/9)
Scrolls
 e - a scroll of teleportation
 p - 2 scrolls of remove curse
 t - a scroll of immolation {unknown}
Potions
 d - a potion of magic
 g - a potion of curing {unknown}
 k - a potion of cure mutation {unknown}
 m - a potion of resistance {unknown}
 n - a potion of invisibility {unknown}
 s - a potion of flight {unknown}
Books
 b - a book of Air

   Spells                             Type                      Level
   a - Shock                          Conjuration/Air              1
   b - Swiftness                      Charms/Air                   2
   c - Repel Missiles                 Charms/Air                   2
   d - Static Discharge               Conjuration/Air              3
   e - Lightning Bolt                 Conjuration/Air              5
Comestibles
 c - 2 bread rations
 h - 3 chunks of flesh
 j - a meat ration


   Skills:
 * Level 3.7 Fighting
 * Level 1.4 Armour
 - Level 2.2 Dodging
 - Level 1.2 Stealth
 * Level 0.7 Shields
 - Level 1.5 Spellcasting
 - Level 0.8 Conjurations
 - Level 2.6 Air Magic


You had 6 spell levels left.
You knew the following spells:

 Your Spells              Type           Power        Failure   Level  Hunger
a - Shock                 Conj/Air       #...         100%        1    ##.....


Dungeon Overview and Level Annotations

Branches:
Dungeon (3/15)

Altars:
Nemelex Xobeh
Ru

Annotations:
D:2 Sigmund


Innate Abilities, Weirdness & Mutations

You have hooves in place of feet.
Armour fits poorly on your strangely shaped body.
You cover ground very quickly.
You have extremely tough skin (AC +3).


Message History

A gnoll comes into view. It is wielding a whip.
A gnoll is nearby!
A gnoll is nearby!
A gnoll comes into view. It is wielding a flail.
A gnoll is nearby!
A gnoll is nearby!
A gnoll is nearby!
A gnoll is nearby!
A gnoll is nearby!
The gnoll shouts!
You hear a shout!
You hit the gnoll but do no damage. The gnoll hits you with a flail.
Your shield and chain mail prevent you from hitting the gnoll.
You kick the gnoll.
The gnoll is lightly wounded.
The gnoll hits you with a flail!
* * * LOW HITPOINT WARNING * * *
You hit the gnoll.
The gnoll is moderately wounded.
The gnoll hits you with a flail.
You die...

##...#....# .#
#.........####..#
#.####..........#
###.#......#.. . #.
#...).#####.#
.###.##.....g####.#
...............##.#
.....##......#.##g#
#...##....#....@.#
#...###.....#.####
.#...###..#.##.#
...>......).#...
##.#.####........
#.#.# #####...
#.#.# ##.## #.#.#
#.# #.#.#


You could see 2 gnolls.

Vanquished Creatures
  The ghost of Chiseanne the Gusty, a weakling CeAE (D:3)
  Natasha (thrice) (D:2)
  3 adders (D:2)
  An ooze (D:2)
  4 giant geckos
  A ball python (D:1)
  6 bats
  2 giant cockroaches
  6 hobgoblins
  3 giant newts
  7 goblins
  4 kobolds
  5 rats
46 creatures vanquished.

Notes
Turn   | Place    | Note
--------------------------------------------------------------
     0 | D:1      | Chiseanne the Centaur Air Elementalist began the quest for the Orb.
     0 | D:1      | Reached XP level 1. HP: 14/14 MP: 3/3
    57 | D:1      | Reached skill level 1 in Fighting
   316 | D:1      | Reached XP level 2. HP: 20/23 MP: 4/4
  1062 | D:2      | Reached XP level 3. HP: 15/30 MP: 5/5
  1475 | D:2      | Noticed Natasha
  1635 | D:2      | Noticed Sigmund
  1901 | D:2      | Found a sparkling altar of Nemelex Xobeh.
  1912 | D:2      | Killed Natasha
  1912 | D:2      | Reached skill level 3 in Fighting
  1912 | D:2      | Reached XP level 4. HP: 20/38 MP: 6/6
  1937 | D:2      | Noticed Natasha
  2034 | D:2      | Killed Natasha
  2034 | D:2      | Reached skill level 1 in Armour
  2152 | D:2      | Noticed Natasha
  2158 | D:2      | Killed Natasha
  2429 | D:2      | Reached XP level 5. HP: 45/45 MP: 7/7
  2502 | D:2      | Found a sacrificial altar of Ru.
  2679 | D:3      | Found a faded altar to an unknown god.
  2698 | D:3      | Noticed Chiseanne's ghost (weakling CeAE)
  2719 | D:3      | Killed Chiseanne's ghost
  2763 | D:3      | Slain by a gnoll

Vault maps used:
D:1:      lemuel_arrival_hallway
D:2:      nicolae_overflow_crystal_walls, nicolae_ru_path_of_blood,
          uniq_sigmund, uniq_natasha
D:3:      first_bread, ecumenical_altar_1, minmay_joined_circles

Action                   |  1- 3 |  4- 6 || total
-------------------------+-------+-------++-------
Melee: Mace              |   108 |       ||   108
       Dagger            |    28 |    51 ||    79
       Unarmed           |     9 |       ||     9
  Use: Scroll            |     6 |     3 ||     9
  Eat: Chunk             |     2 |     3 ||     5
